 Dungeon Crawl Stone Soup version bcrawl-1.12.2 (webtiles) character file.

Game seed: 9547218104746037918

793 MisterOstroum the Covered (level 7, 50/50 HPs)
             Began as a Demonspawn Archaeologist on July 18, 2019.
             Was a Follower of Hepliaklqana.
             Quit the game on level 5 of the Dungeon.
             The game lasted 00:13:47 (6398 turns).

MisterOstroum the Covered (DsAc)                    Turns: 6398, Time: 00:13:48

Health: 50/50      AC: 16    Str: 14    XL:     7   Next: 57%
Magic:  7/7        EV:  7    Int: 15    God:    Hepliaklqana [*.....]
Gold:   171        SH:  0    Dex: 11    Spells: 6/6 levels left

rFire    . . .     SeeInvis .   x - +0 dagger (elec)
rCold    . . .     Gourm    .   (no shield)
rNeg     . . .     Faith    .   v - +0 chain mail
rPois    .         Spirit   .   c - +1 hat
rElec    .         Reflect  .   m - +1 cloak
rCorr    .         Harm     .   (no gloves)
MR       .....                  d - +1 pair of boots
Stlth    ..........             (no amulet)
HPRegen  0.16/turn              (no ring)
MPRegen  0.10/turn              (no ring)

@: no status effects
A: reduced essence, antennae 1, demonic guardian 1, sanguine armour 2
a: Recall Ancestor, Ancestor Identity, Renounce Religion


You were on level 5 of the Dungeon.
You worshipped Hepliaklqana.
Hepliaklqana was aware of your devotion.
You were hungry.

You visited 1 branch of the dungeon, and saw 5 of its levels.

You collected 223 gold pieces.
You spent 52 gold pieces at shops.

Inventory:

Hand Weapons
 a - a +0 flail
 b - a +0 blowgun
 p - a +1 mace
 x - a +0 dagger of electrocution (weapon)
Missiles
 h - 40 curare-tipped needles
 s - 999 stones (quivered)
 y - 87 poisoned tomahawks
Armour
 c - a +1 hat (worn)
 d - a +1 pair of boots (worn)
 f - the +3 crown of Dyrovepreva {rElec Int+2 SInv}

   It affects your intelligence (+2).
   It insulates you from electricity.
   It lets you see invisible.
 m - a +1 cloak (worn)
 u - a cursed +0 leather armour
 v - a +0 chain mail (worn)
 A - a +0 leather armour of magic resistance
 C - a +1 pair of gloves
Jewellery
 k - an uncursed ring of fire
 B - a +2 ring of intelligence {unknown}
Wands
 j - a wand of iceblast (8)
 l - a wand of polymorph (3)
 z - a wand of disintegration (6)
Scrolls
 i - 2 scrolls of identify {@r1}
 n - a scroll of enchant weapon
 o - 6 scrolls of teleportation {@r3 !r}
 q - a scroll of blinking {@r4}
Potions
 r - a potion of haste {@q4 !q}
 t - a potion of heal wounds {@q2 !q}
 w - 2 potions of flight
Comestibles
 e - 11 rations {!d}


   Skills:
 - Level 5.0 Fighting
 - Level 3.6 Maces & Flails
 + Level 6.7 Armour
 - Level 2.6 Dodging
 - Level 3.0 Stealth


You had 6 spell levels left.
You didn't know any spells.
Your spell library contained the following spells:

 Spells                   Type           Power        Failure   Level  Hunger
 Magic Dart               Conj           #...         99%         1    ##.....
 Slow                     Hex            #.......     99%         1    ##.....
 Blink                    Tloc           N/A          100%        2    ###....
 Call Imp                 Summ           #.......     100%        2    ###....
 Conjure Flame            Conj/Fire      #.......     100%        3    ####...
 Mephitic Cloud           Conj/Pois/Air  #.......     100%        3    ####...


Dungeon Overview and Level Annotations

Branches:
Dungeon (5/12)
 Temple: D:4-7

Altars:
Elyvilon
Fedhas
Hepliaklqana
Lugonu
Nemelex Xobeh
Okawaru
Trog
Vehumet
Zin
The Shining One

Shops:
D:4 *

Annotations:
D:5 Edmund


Innate Abilities, Weirdness & Mutations

You have a pair of small antennae on your head.
A weak demonic guardian rushes to your aid.
When seriously injured, your bleeding wounds create thick armour. (AC +0)
Your life essence is reduced to manifest your ancestor. (-10% HP)


Message History

B - 2 chunks of flesh (gained 1)
Things that are here:
a +0 club; an orc skeleton
Things that are here:
a +0 club; an orc skeleton You see here a +0 flail.
Things that are here:
a +0 leather armour; an orc corpse You butcher the orc corpse.
B - 3 chunks of flesh (gained 1)
Things that are here:
a +0 leather armour; an orc skeleton
Things that are here:
a +0 leather armour; an orc skeleton Key pressed, stopping explore.
You swap places.
You swap places.
You swap places.
You swap places.
Found 142 arrows.
You see here 142 arrows.
You swap places.
C - a pair of glowing gloves Key pressed, stopping explore.
Found a glowing silver altar of Zin.
Found a white marble altar of Elyvilon.
Found a glowing golden altar of the Shining One.
You swap places.
Some of the chunks of flesh in your inventory have rotted away.
You swap places.
You swap places.
Some of the chunks of flesh in your inventory have rotted away.
You swap places.
All of the chunks of flesh in your inventory have rotted away.
B - a knobbly granite ring You swap places.
You swap places.
You are feeling hungry.
Key pressed, stopping explore.
Done exploring.
Done exploring.
(D) Dungeon
Where to? (Enter - D:4, ? - help)
You swap places.
There is a stone staircase leading down here.
You climb downwards.
There is a stone staircase leading up here.
Edmund the Younger comes into view.
He is wielding a +0 dire flail of protection.
Edmund shouts!
Found 17 gold pieces.
Edmund says, "People accused me of being a cutpurse!"
Edmund barely misses your shadow imp.
Throwing (i - inventory. (/) - cycle)
s - 1001 stones (quivered)
Press: ? - help, Shift-Dir - straight line, f - Edmund
Aim: Edmund, wielding a +0 dire flail of protection and wearing a +0 leather armour You throw a stone.
The stone hits Edmund but does no damage.
Your shadow imp hits Edmund but does no damage.
Edmund hits your shadow imp with a +0 dire flail of protection.
Throwing (i - inventory. (/) - cycle)
s - 1000 stones (quivered)
Press: ? - help, Shift-Dir - straight line, f/p - Edmund
Aim: Edmund, wielding a +0 dire flail of protection and wearing a +0 leather armour You throw a stone.
The stone hits Edmund but does no damage.
Grinder comes into view.
Your shadow imp hits Edmund but does no damage.
Edmund hits your shadow imp with a +0 dire flail of protection.
Evoke which item? (* to show all) (? for menu, Esc to quit)
Aiming: Disintegrate
Press: ? - help, Shift-Dir - straight line, f - Grinder, p - Edmund
Aim: Grinder (chance to defeat MR: 65%) Grinder is blasted!
Grinder gestures at you. You resist with significant effort.
Your shadow imp hits Edmund.
Evoke which item? (* to show all) (? for menu, Esc to quit)
Aiming: Disintegrate
Press: ? - help, Shift-Dir - straight line, f/p - Grinder
Aim: Grinder (moderately wounded, chance to defeat MR: 65%) Grinder is blasted.
Edmund hits your shadow imp with a +0 dire flail of protection!
Your shadow imp dies!
Evoke which item? (* to show all) (? for menu, Esc to quit)
Aiming: Disintegrate
Press: ? - help, Shift-Dir - straight line, f/p - Grinder
Aim: Grinder (moderately wounded, chance to defeat MR: 65%) Grinder is blasted!
Edmund barely misses Narrator.
You don't know any spells.
Unknown command.
Evoke which item? (* to show all) (? for menu, Esc to quit)
Aiming: Disintegrate
Press: ? - help, Shift-Dir - straight line, f/p - Grinder
Aim: Grinder (severely wounded, chance to defeat MR: 65%) Grinder is blasted!
You blow up Grinder!
As you finish your manual of Armour, the mysteries of the crate's mechanism unravel in your mind!
The crate's locking mechanism finally gives in, revealing the +3 crown of Dyrovepreva {rElec Int+2 SInv}!
Your Armour skill increases to level 6!
Narrator barely misses Edmund.
Edmund hits Narrator but does no damage.
Are you sure you want to abandon this character and quit the game? (Confirm with "yes".)

#.# #.# #
#.# .#
###.###.#
#.......#
#####.#...$#
.........@.#
#.#@R..#
#.#.#.#####
##.#........
#.<....#####
#..#####
#..# #..#
#..# #..#


You could see the friendly Narrator the ancestor and Edmund.

Vanquished Creatures
  Grinder (D:5)
  Sigmund (D:2)
  2 hounds
  A quasit (D:3)
  An orc priest (D:4)
  A centaur skeleton (D:4)
  Ijyb (D:3)
  An iguana (D:4)
  2 worker ants
  An adder (D:2)
  A gnoll (D:1)
  5 worms
  3 dart slugs
  8 leopard geckos
  7 orcs
  6 bats
  A giant cockroach (D:1)
  6 goblins
  11 hobgoblins
  10 jackals
  4 quokkas
  A frilled lizard (D:1)
  7 kobolds
  11 rats
93 creatures vanquished.

Vanquished Creatures (collateral kills)
  A bullfrog skeleton (D:4)
  An adder skeleton (D:4)
  A dart slug (D:3)
  7 orcs (D:4)
  A giant cockroach (D:4)
  A quokka (D:4)
  A jackal skeleton (D:4)
  A quokka zombie (D:4)
14 creatures vanquished.

Grand Total: 107 creatures vanquished

Notes
Turn   | Place    | Note
-------+----------+-------------------------------------------
     0 | D:1      | MisterOstroum the Demonspawn Archaeologist began the quest
                  | for the Orb.
     0 | D:1      | Reached XP level 1. HP: 15/15 MP: 1/1
   218 | D:1      | Gained mutation: You have a pair of small antennae on your
                  | head. [demonic ancestry]
   218 | D:1      | Reached XP level 2. HP: 8/22 MP: 2/2
  1084 | D:1      | Reached XP level 3. HP: 26/29 MP: 3/3
  1257 | D:1      | Reached skill level 1 in Maces & Flails
  1456 | D:1      | Reached skill level 1 in Armour
  1650 | D:2      | Noticed Sigmund
  2537 | D:2      | Gained mutation: When seriously injured, your bleeding
                  | wounds create armour. (AC +0) [demonic ancestry]
  2537 | D:2      | Reached XP level 4. HP: 31/35 MP: 4/4
  2607 | D:2      | Killed Sigmund
  2607 | D:2      | Reached skill level 2 in Armour
  2607 | D:2      | Gained mutation: When seriously injured, your bleeding
                  | wounds create thick armour. (AC +0) [demonic ancestry]
  2607 | D:2      | Reached XP level 5. HP: 38/42 MP: 5/5
  2654 | D:2      | Found a radiant altar of Vehumet.
  2731 | D:2      | Reached skill level 3 in Armour
  2755 | D:2      | Reached XP level 6. HP: 39/48 MP: 6/6
  3560 | D:3      | Noticed Ijyb
  3566 | D:3      | Killed Ijyb
  4266 | D:3      | Found a hazy altar of Hepliaklqana.
  4275 | D:3      | Became a worshipper of Hepliaklqana the Forgotten
  4361 | D:3      | Found a faded altar of an unknown god.
  5098 | D:4      | Found a corrupted altar of Lugonu.
  5108 | D:4      | Reached skill level 4 in Armour
  5292 | D:4      | Found Veiha's Assorted Antiques.
  5312 | D:4      | Bought a scroll labeled UHO EDUS ACARO for 26 gold pieces
  5312 | D:4      | Bought a scroll labeled NUIF FOVOURAI for 26 gold pieces
  5396 | D:4      | Gained mutation: A weak demonic guardian rushes to your
                  | aid. [demonic ancestry]
  5396 | D:4      | Reached XP level 7. HP: 48/49 MP: 7/7
  5520 | D:4      | Reached skill level 5 in Fighting
  5522 | D:4      | Reached skill level 5 in Armour
  5703 | D:4      | Found an iron altar of Okawaru.
  5707 | D:4      | Found a blossoming altar of Fedhas.
  5708 | D:4      | Found a bloodstained altar of Trog.
  5928 | D:4      | Found a sparkling altar of Nemelex Xobeh.
  6120 | D:4      | Reached * piety under Hepliaklqana
  6136 | D:4      | Found a glowing silver altar of Zin.
  6137 | D:4      | Found a white marble altar of Elyvilon.
  6138 | D:4      | Found a glowing golden altar of the Shining One.
  6387 | D:5      | Entered Level 5 of the Dungeon
  6388 | D:5      | Noticed Edmund
  6393 | D:5      | Noticed Grinder
  6397 | D:5      | Killed Grinder
  6397 | D:5      | Reached skill level 6 in Armour
  6398 | D:5      | Quit the game

Skill      XL: |  1  2  3  4  5  6  7 |
---------------+----------------------+-----
Fighting       | 2 3 4 5 |  5.0
Maces & Flails | 1 3 |  3.6
Armour         | 1 2 3 4 6 |  6.7
Dodging        | |  2.6
Stealth        | |  3.0

Action                   |  1- 3 |  4- 6 |  7- 9 || total
-------------------------+-------+-------+-------++-------
Melee: Whip              |    44 |       |       ||    44
       Mace              |   114 |   107 |       ||   221
       Hand axe          |    10 |       |       ||    10
       Dagger            |       |    74 |    40 ||   114
Throw: Stone             |    26 |    78 |    10 ||   114
Invok: Ancestor Identity |       |     2 |       ||     2
Evoke: Wand              |       |     2 |     4 ||     6
  Use: Scroll            |     5 |     6 |       ||    11
       Potion            |       |     4 |       ||     4
 Stab: Sleeping          |     7 |       |       ||     7
       Invisible         |       |     3 |       ||     3
  Eat: Chunk             |     5 |    10 |     2 ||    17
Armor: Robe              |    52 |    45 |       ||    97
       Chain mail        |       |     1 |    32 ||    33
Dodge: Dodged            |   118 |   115 |    25 ||   258
